 Dungeon Crawl Stone Soup version 0.25.0-10-g039870ee82 (console) character file.

Game seed: 14963059604299298586

175 bli the Chopper (level 5, -2/48 HPs)
             Began as a Hill Orc Monk on June 22, 2020.
             Slain by Crazy Yiuf
             ... wielding a +4 quarterstaff of chaos
              (3 damage)
             ... on level 3 of the Dungeon on June 23, 2020.
             The game lasted 00:07:14 (1727 turns).

bli the Chopper (Hill Orc Monk)                     Turns: 1727, Time: 00:07:15

Health: -2/48      AC:  3    Str: 14    XL:     5   Next: 55%
Magic:  3/5        EV: 13    Int: 10    God:
Gold:   196        SH:  0    Dex: 14    Spells: 4/4 levels left

rFire    . . .     SeeInvis .   a - +0 hand axe
rCold    . . .     Gourm    .   (no shield)
rNeg     . . .     Faith    .   o - +0 leather armour
rPois    .         Spirit   .   (no helmet)
rElec    .         Reflect  .   (no cloak)
rCorr    .         Harm     .   (no gloves)
MR       .....                  (no boots)
Stlth    ++........             f - amulet of regeneration
HPRegen  0.56/turn              (no ring)
MPRegen  0.09/turn              (no ring)

@: lightly drained
A: no striking features
a: no special abilities


You were on level 3 of the Dungeon.
You were not hungry.

You visited 1 branch of the dungeon, and saw 3 of its levels.

You collected 196 gold pieces.

Inventory:

Hand Weapons
 a - a +0 hand axe (weapon)
 k - a +0 mace
Missiles
 l - 3 boomerangs (quivered)
Armour
 b - a +0 robe
 o - a +0 leather armour (worn)
Jewellery
 f - an amulet of regeneration (around neck)
 s - an uncursed amulet of magic regeneration {unknown}
 w - a cursed -4 ring of strength {unknown}
Wands
 t - a wand of acid (3)
 u - a wand of digging (3)
Scrolls
 g - 5 scrolls of identify {unknown}
 h - a scroll of magic mapping {unknown}
 j - 2 scrolls of teleportation {unknown}
 m - 2 scrolls of enchant weapon {unknown}
 n - a scroll of blinking {unknown}
 p - 2 scrolls of remove curse {unknown}
 q - 2 scrolls of amnesia {unknown}
Potions
 d - a potion of mutation {unknown}
 e - 2 potions of flight {unknown}
 i - a potion of cancellation {unknown}
Comestibles
 c - 5 rations
 r - 2 chunks of flesh


   Skills:
 + Level 5.1(4.8) Fighting
 + Level 5.5(5.2) Axes
 + Level 0.1(0.0) Throwing
 * Level 0.7(0.4) Armour
 + Level 3.4(3.0) Dodging
 - Level 1.5(1.2) Stealth


You had 4 spell levels left.
You didn't know any spells.
Your spell library contained the following spells:

 Spells                   Type           Power        Failure   Level  Hunger
 Beastly Appendage        Tmut           #.....       43%         1    ##.....
 Sticks to Snakes         Tmut           #.......     58%         2    ###....
 Spider Form              Tmut/Pois      #.........   82%         3    ####...
 Ice Form                 Ice/Tmut       #.......     99%         4    #####..
 Blade Hands              Tmut           #.........   100%        5    ######.


Dungeon Overview and Level Annotations

Branches:
Dungeon (3/15)

Altars:
Gozag
Kikubaaqudgha

Annotations:
D:3 Crazy Yiuf


Message History

You feel sick.
Crazy Yiuf hits you with a +4 quarterstaff of chaos!
* * * LOW HITPOINT WARNING * * *
You barely miss Crazy Yiuf.
Crazy Yiuf is severely wounded.
You feel sick. Crazy Yiuf barely misses you.
You feel better.
Crazy Yiuf hits you with a +4 quarterstaff of chaos.
* * * LOW HITPOINT WARNING * * *
You feel your power leaking away.
Some of the chunks of flesh in your inventory have rotted away.
You hit Crazy Yiuf but do no damage.
Crazy Yiuf is severely wounded.
Crazy Yiuf closely misses you.
You closely miss Crazy Yiuf.
Crazy Yiuf is severely wounded.
Crazy Yiuf hits you with a +4 quarterstaff of chaos!
* * * LOW HITPOINT WARNING * * *
Crazy Yiuf freezes you.
You die...

##.#...######.#....
#...#..# #.#....
#....### #.#....
##..## ######.###..
#PP.P# #...........
##P..# #.####.###.#
##.## #.#.##.###.#
##.# #.#.........
#.## #.#.##.###.#
##.# #.#.##.###.#
#@## #..........#
#g# #.......####
... ##......# #...#
#......# #)..#
##.##+## #####
###รท.#.# #......#
###..#.# ##.#.#
#.#.# #.#.#####


You could see Crazy Yiuf.

Vanquished Creatures
  A scorpion (D:2)
  Ijyb (D:3)
  4 gnolls (D:3)
  2 adders
  3 leopard geckos (D:3)
  2 giant cockroaches
  3 goblins (D:2)
  6 hobgoblins
  4 jackals (D:2)
  7 kobolds
  A quokka (D:3)
  4 bats
  2 frilled lizards (D:2)
  6 rats
46 creatures vanquished.

Notes
Turn   | Place    | Note
-------+----------+-------------------------------------------
     0 | D:1      | bli the Hill Orc Monk began the quest for the Orb.
     0 | D:1      | Reached XP level 1. HP: 19/19 MP: 1/1
   579 | D:2      | Reached XP level 2. HP: 21/27 MP: 2/2
   679 | D:2      | Noticed a scorpion
   697 | D:2      | Killed a scorpion
   697 | D:2      | Reached skill level 5 in Axes
   697 | D:2      | Reached XP level 3. HP: 16/34 MP: 3/3
   697 | D:2      | Reached XP level 4. HP: 20/41 MP: 4/4
  1330 | D:3      | Reached XP level 5. HP: 33/47 MP: 5/5
  1409 | D:3      | Noticed Ijyb
  1424 | D:3      | Killed Ijyb
  1424 | D:3      | Reached skill level 5 in Fighting
  1607 | D:3      | Found an opulent altar of Gozag.
  1663 | D:3      | Found an ancient bone altar of Kikubaaqudgha.
  1713 | D:3      | Found a runed translucent door.
  1714 | D:3      | Noticed Crazy Yiuf
  1727 | D:3      | HP: 1/48 [Crazy Yiuf/+4 quarterstaff of chaos (9)]
  1727 | D:3      | Slain by Crazy Yiuf

Illustrated notes

Levels and vault maps discovered:
D:1:      zelgadis_glass_arrival_small, layout_basic
D:2:      layout_basic
D:3:      layout_basic, lemuel_doored_altar, kiku_gazebo_pond_becter,
          nicolae_overflow_crystal_walls, first_ration, uniq_crazy_yiuf_cottage,
          uniq_robin, uniq_ijyb

Skill      XL: |  1  2  3  4  5 |
---------------+----------------+-----
Fighting       | 4 5 |  5.1
Axes           | 5 |  5.5
Dodging        | 3 |  3.4
Throwing       | |  0.1
Armour         | |  0.7
Stealth        | |  1.5

Action                   |  1- 3 |  4- 6 || total
-------------------------+-------+-------++-------
Melee: Hand axe          |    54 |   145 ||   199
Throw: Boomerang         |     2 |     3 ||     5
Evoke: Wand              |       |     1 ||     1
  Use: Potion            |       |     1 ||     1
 Stab: Sleeping          |     1 |     1 ||     2
  Eat: Chunk             |       |     3 ||     3
Armor: Robe              |     6 |       ||     6
       Leather armour    |       |    33 ||    33
Dodge: Dodged            |    41 |    93 ||   134
